 Dungeon Crawl Stone Soup version 0.30.1-9-gdf580d7c3d (webtiles) character file.

Game seed: 18295725056449162750

1245 eliilek the Shield-Bearer (level 8, -5/70 HPs)
             Began as a Minotaur Fighter on Sept 28, 2023.
             Was an Initiate of Ru.
             Slain by an ogre
             ... wielding a +0 giant spiked club
              (14 damage)
             ... on level 7 of the Dungeon.
             The game lasted 00:16:07 (4928 turns).

eliilek the Shield-Bearer (Minotaur Fighter)        Turns: 4928, Time: 00:16:07

Health: -5/70      AC: 12    Str: 21    XL:     8   Next: 25%
Magic:  7/7        EV:  6    Int:  5    God:    Ru [......]
Gold:   262        SH:  5    Dex: 12    Spells: 7/7 levels left

rFire   . . .        a - +0 flail
rCold   . . .        c - +0 buckler
rNeg    . . .        q - +0 plate armour
rPois   .            r - +0 hat
rElec   .            (no cloak)
rCorr   .            (no gloves)
SInv    .            (no boots)
Will    .....        (no amulet) Stlth
                     (no ring)
HPRegen 0.31/turn    (no ring)
MPRegen 0.10/turn

%: no passive effects
@: no status effects
A: horns 2, retaliatory headbutt
a: Renounce Religion


You were on level 7 of the Dungeon.
You worshipped Ru.
Ru was noncommittal.
You visited 1 branch of the dungeon, and saw 7 of its levels.

You collected 262 gold pieces.

Inventory:

Hand Weapons
 a - a +0 flail (weapon)
 b - a +0 sling
Armour
 c - a +0 buckler (worn)
 q - a +0 plate armour (worn)
 r - a +0 hat (worn)
Wands
 i - a wand of polymorph (13)
Scrolls
 e - 2 scrolls of fear {unknown}
 f - 7 scrolls of identify {unknown}
 j - a scroll of noise {unknown}
 k - a scroll of brand weapon {unknown}
 p - 2 scrolls of vulnerability {unknown}
 s - 2 scrolls of amnesia {unknown}
 u - a scroll of butterflies {unknown}
Potions
 d - 2 potions of might
 g - a potion of curing {unknown}
 h - 2 potions of cancellation {unknown}
 l - 2 potions of mutation {unknown}
 m - a potion of brilliance {unknown}
 n - a potion of resistance {unknown}
 o - 2 potions of lignification {unknown}
 t - 3 potions of heal wounds {unknown}


   Skills:
 + Level 5.7 Fighting
 * Level 7.0 Maces & Flails
 + Level 3.8 Ranged Weapons
 + Level 5.9 Armour
 - Level 7.0 Shields


You had 7 spell levels left.
You didn't know any spells.
Your spell library contained the following spells:

 Spells                   Type           Power      Damage    Failure   Level
 Freeze                   Ice            0%         1d3       100%        1
 Ensorcelled Hibernation  Hex/Ice        0%         N/A       100%        2
 Inner Flame              Hex/Fire       0%         N/A       100%        3
 Flame Wave               Conj/Fire      0%         2d4       100%        4
 Sticky Flame             Conj/Fire      0%         2d3       100%        4
 Plasma Beam              Fire/Air       0%         2x1d11    100%        6


Dungeon Overview and Level Annotations

Branches:
Dungeon (7/15)             Temple (0/1) D:4

Altars:
Dithmenos
Ru


Innate Abilities, Weirdness & Mutations

You have a pair of horns on your head.
You reflexively headbutt those who attack you in melee.


Message History

You sock the orc!
You kill the orc!
Things that are here:
a +0 hand axe; an orc corpse You start resting.
HP restored.
There is a stone staircase leading up here.
You climb upwards.
The ogre hits you with a +0 giant spiked club!!
You hear a zap.
You hear a grinding noise.
An orc wizard comes into view.
It is wielding a +0 dagger and carrying a wand of acid (5).
An orc comes into view. It is wielding a +0 whip.
An orc comes into view.
It is wielding a +0 whip and carrying a wand of digging (1).
There is a stone staircase leading down, spattered with blood here.
The ogre hits you with a +0 giant spiked club!
You climb downwards.
There is a stone staircase leading up here.
You sock the ogre!
The ogre is heavily wounded.
The ogre hits you with a +0 giant spiked club!
You closely miss the ogre. Your headbutt misses the ogre.
The ogre is heavily wounded.
You block the ogre's attack.
You barely miss the ogre.
The ogre is heavily wounded.
You hit the ogre.
The ogre is severely wounded.
The ogre hits you with a +0 giant spiked club!
* * * LOW HITPOINT WARNING * * *
You hit the ogre but do no damage.
The ogre is severely wounded.
The ogre hits you with a +0 giant spiked club!
* * * LOW HITPOINT WARNING * * *
You hit the ogre.
You headbutt the ogre, but do no damage.
The ogre is almost dead.
You completely miss the ogre.
The ogre is almost dead.
The ogre hits you with a +0 giant spiked club!
You die...

###...........#...#
#..................
#..................
#......(...........
#..................
#....##............
+..............^...
#....####..........
####.###..@O)......
#.............$[
#####..#.#######
#.......#####
#####........
#.####### #.# #.#
#)#


You could see an ogre.

Vanquished Creatures
  An ice beast (D:7)
  An ogre (D:6)
  A centaur (D:3)
  A kobold brigand (D:6)
  A scorpion (D:5)
  A howler monkey (D:6)
  A jelly (D:6)
  4 hounds (D:6)
  A sleepcap (D:4)
  A gnoll bouda (D:6)
  4 iguanas
  Natasha (thrice) (D:2)
  7 orc wizards
  8 adders
  4 gnolls (D:6)
  A white imp (D:3)
  3 ufetubi
  A worm (D:3)
  6 dart slugs
  21 orcs
  4 endoplasms
  4 giant cockroaches
  4 goblins
  9 hobgoblins
  7 jackals
  10 kobolds
  5 quokkas
  7 ball pythons
  6 bats
  4 frilled lizards
  4 rats
135 creatures vanquished.

Notes
Turn   | Place    | Note
-------+----------+-------------------------------------------
     0 | D:1      | eliilek the Minotaur Fighter began the quest for the Orb.
     0 | D:1      | Reached XP level 1. HP: 19/19 MP: 0/0
   123 | D:1      | Reached XP level 2. HP: 27/27 MP: 1/1
   706 | D:2      | Noticed Natasha
   712 | D:2      | Killed Natasha
   713 | D:2      | Reached XP level 3. HP: 33/33 MP: 2/2
   799 | D:2      | Noticed Natasha
   810 | D:2      | Killed Natasha
   811 | D:2      | Reached XP level 4. HP: 31/40 MP: 3/3
   861 | D:2      | Got the Codex of Subzero Fog
  1059 | D:2      | Noticed Natasha
  1070 | D:2      | Killed Natasha
  1071 | D:2      | Reached skill level 1 in Ranged Weapons
  1311 | D:2      | Found a faded altar of an unknown god.
  1588 | D:3      | Reached XP level 5. HP: 43/43 MP: 4/4
  1837 | D:3      | Reached skill level 5 in Shields
  1915 | D:3      | Noticed an ogre
  1926 | D:3      | an ogre changed into a centaur
  1926 | D:3      | Noticed a centaur
  1929 | D:3      | Killed a centaur
  1970 | D:3      | Reached XP level 6. HP: 49/53 MP: 5/5
  2355 | D:3      | Found a faded altar of an unknown god.
  2359 | D:3      | Found a shadowy altar of Dithmenos.
  2603 | D:4      | Found a staircase to the Ecumenical Temple.
  2923 | D:4      | Reached skill level 5 in Maces & Flails
  3558 | D:5      | Entered Level 5 of the Dungeon
  3768 | D:5      | Reached skill level 5 in Armour
  3768 | D:5      | Reached XP level 7. HP: 32/60 MP: 6/6
  4213 | D:6      | Reached skill level 5 in Fighting
  4247 | D:6      | Found a sacrificial altar of Ru.
  4301 | D:6      | Became a worshipper of Ru the Awakened
  4617 | D:6      | Reached XP level 8. HP: 61/69 MP: 7/7
  4928 | D:7      | Slain by an ogre

Illustrated notes

Levels and vault maps discovered:
D:1:      minmay_arrival_wavy_path, layout_loops_ring
D:2:      layout_basic, hellmonk_ecumenical_altar_heavens_door, hex_medium,
          hangedman_decor_riveting, uniq_natasha
D:3:      layout_basic, nicolae_overflow_ecumenical_swirl,
          lexackson_kobold_supper
D:4:      layout_loops_ring, minmay_temple_entry_grid, st_stairs_13,
          nicolae_elevator_lobby_asterisk
D:5:      layout_rooms
D:6:      minmay_bubble_buster, layout_cave_pools, nicolae_ru_awakened_eye,
          vehumet_altar_wand_db, serial_co_window_serial, co_window_corner_a,
          co_window_paths_b, co_window_paths_a, co_window_of_opportunity_a,
          co_window_of_opportunity_a, co_window_broadway_c,
          co_window_of_opportunity_c, co_window_paths_c
D:7:      lemuel_ratsnest, layout_basic, serial_shops, shop_fountains,
          uniq_joseph

Skill      XL: |  1  2  3  4  5  6  7  8 |
---------------+-------------------------+-----
Shields        | 4 5 6 7 |  7.0
Maces & Flails | 3 4 5 6 7 |  7.0
Armour         | 4 5 |  5.9
Fighting       | 4 5 |  5.7
Ranged Weapons | 1 2 3 |  3.8

Action                     |  1- 3 |  4- 6 |  7- 9 || total
---------------------------+-------+-------+-------++-------
  Melee: Flail             |    57 |   184 |   121 ||   362
         Headbutt          |    10 |    19 |    22 ||    51
   Fire: Sling             |    13 |    80 |    33 ||   126
  Evoke: Wand              |       |     1 |       ||     1
    Use: Potion            |       |       |     1 ||     1
 Armour: Scale mail        |    20 |    13 |       ||    33
         Chain mail        |       |    34 |       ||    34
         Plate armour      |       |    67 |    79 ||   146
  Dodge: Dodged            |    30 |    70 |    24 ||   124
  Block: Buckler           |    13 |    39 |    31 ||    83
